 Dungeon Crawl Stone Soup version 0.31-a0-217-g58bb5d79cf (webtiles) character file.

Game seed: 5869618973702355666

54 qw the Shooter (level 3, -1/21 HPs)
             Began as a Gargoyle Hexslinger on July 2, 2023.
             Killed from afar by Sigmund (7 damage)
             ... with a magic dart
             ... on level 2 of the Dungeon.
             The game lasted 00:00:26 (1137 turns).

qw the Shooter (Gargoyle Hexslinger)                Turns: 1137, Time: 00:00:26

Health: -1/21      AC:  8    Str: 11    XL:     3   Next: 91%
Magic:  4/4        EV: 10    Int: 13    God:
Gold:   154        SH:  0    Dex: 14    Spells: 3/4 levels left

rFire   . . .        Y - +1 sling
rCold   . . .        (no shield)
rNeg    + . .        f - +0 ring mail
rPois   inf          (no helmet)
rElec   +            (no cloak)
rCorr   .            (no gloves)
SInv    .            (no boots)
Will    .....        e - amulet of faith
Stlth   +            (no ring)
HPRegen 0.23/turn    (no ring)
MPRegen 0.09/turn

%: faith
@: no status effects
A: sickness immunity, AC +3, negative energy resistance 1, electricity
resistance, torment resistance 1, petrification resistance
a: no special abilities


You were on level 2 of the Dungeon.
You visited 1 branch of the dungeon, and saw 2 of its levels.

You collected 154 gold pieces.


Innate Abilities, Weirdness & Mutations

You are immune to sickness and miasma.
Your stone body is resilient. (AC +3)
You are immune to poison.
You resist negative energy. (rN+)
You are resistant to electric shocks. (rElec)
You are resistant to unholy torment.
You are immune to petrification.


   Skills:
 - Level 2.0 Fighting
 + Level 3.7 Ranged Weapons
 - Level 1.5 Dodging
 - Level 1.0 Spellcasting
 - Level 2.6 Hexes


You had 3 spell levels left.
You knew the following spells:

 Your Spells              Type           Power      Damage    Failure   Level
a - Slow                  Hex            28%        N/A       22%         1

Your spell library contained the following spells:

 Spells                   Type           Power      Damage    Failure   Level
 Inner Flame              Hex/Fire       4%         N/A       75%         3
 Portal Projectile        Hex/Tloc       8%         N/A       75%         3
 Cause Fear               Hex            3%         N/A       92%         4

Inventory:

Hand Weapons
 Y - a +1 sling (weapon)
Armour
 a - a +0 helmet
 f - a +0 ring mail (worn)
Jewellery
 e - an amulet of faith (around neck)
Scrolls
 b - a scroll of fog {unknown}
 c - 2 scrolls of blinking {unknown}
 d - a scroll of enchant armour {unknown}
 g - 2 scrolls of fear {unknown}
Potions
 h - 2 potions of brilliance {unknown}

Dungeon Overview and Level Annotations

Branches:
Dungeon (2/15)

Altars:

Annotations:
D:2 Sigmund


Message History

Enter note:
Enter note:
Enter note:
Enter note: You shoot a sling bullet.
The sling bullet barely misses Sigmund.
Sigmund zaps a wand.
The puff of flame hits you.
You shoot a sling bullet. The sling bullet hits Sigmund.
Sigmund is lightly wounded.
Sigmund completely misses you.
You shoot a sling bullet.
The sling bullet closely misses Sigmund.
Sigmund gestures at you while chanting. You resist with significant effort.
You shoot a sling bullet. The sling bullet barely misses Sigmund.
Sigmund zaps a wand.
The puff of flame hits you!
Sigmund zaps a wand.
The puff of flame hits you.
Enter note:
Enter note:
Enter note:
Enter note:
Enter note:
Enter note:
Enter note:
Enter note:
Enter note:
Enter note:
1134 ||| UPGRADING to +0 helmet.
Sigmund gestures at you while chanting.
Keep equipping yourself?
The puff of flame hits you but does no damage.
You start putting on your armour.
You continue putting on your +0 helmet.
Sigmund zaps a wand.
The puff of flame misses you.
You continue putting on your +0 helmet.
Sigmund gestures wildly while chanting.
Sigmund flickers and vanishes!
Deactivating autopickup; reactivate with Ctrl-A.
You continue putting on your +0 helmet.
A magic dart appears from out of thin air!
The magic dart hits you!
You die...

.....
#....#..###.##
.....
###.#.#.#......##
....
#...............#
...
..#.#.#.#.>......
..
............)...
. ##....#........
..#....%.........
#.....#.#........
.
.......@........#
.
#...#.#.#..<...).
.
......{.........%
. #.#.#.#.<......
.
................
. #####
.......... ###
..... ?..


There were no monsters in sight!

Vanquished Creatures
  3 adders (D:2)
  2 bats
  3 endoplasms
  6 goblins
  3 hobgoblins (D:1)
  3 kobolds
  A quokka (D:2)
  2 ball pythons (D:2)
  A rat (D:2)
24 creatures vanquished.

Notes
Turn   | Place    | Note
-------+----------+-------------------------------------------
     0 | D:1      | qw the Gargoyle Hexslinger began the quest for the Orb.
     0 | D:1      | Reached XP level 1. HP: 12/12 MP: 2/2
     0 | D:1      | 0 ||| qw: Version: 0.3-a-40-ge99b1a8
     0 | D:1      | 0 ||| qw: Game counter: 51
     0 | D:1      | 0 ||| qw: Melee chars always use a shield: true
     0 | D:1      | 0 ||| qw: God list: Okawaru
     0 | D:1      | 0 ||| qw: Allow faded altars: false
     0 | D:1      | 0 ||| qw: Do Orc after clearing Dungeon:15 true
     0 | D:1      | 0 ||| qw: Do second Lair branch before Depths: true
     0 | D:1      | 0 ||| qw: Lair rune preference: random
     0 | D:1      | 0 ||| qw: Goals: Normal
     0 | D:1      | 0 ||| PLANNING D:1-11
   295 | D:1      | Reached XP level 2. HP: 16/16 MP: 3/3
   444 | D:1      | Reached skill level 3 in Ranged Weapons
   758 | D:1      | 758 ||| UPGRADING to +0 leather armour.
   768 | D:1      | 768 ||| DROPPING +0 robe.
   769 | D:1      | 769 ||| UPGRADING to +0 ring mail.
   779 | D:1      | 779 ||| DROPPING +0 leather armour.
   780 | D:1      | 780 ||| UPGRADING to amulet of faith.
   785 | D:1      | 785 ||| READING scroll labelled DIXTUS AWAA.
   786 | D:1      | 786 ||| READING scroll labelled XUUZEX VOPN.
   791 | D:1      | 791 ||| DROPPING scroll of poison.
   838 | D:2      | Reached XP level 3. HP: 15/21 MP: 4/4
  1129 | D:2      | Noticed Sigmund
  1133 | D:2      | HP: 5/21 [Sigmund/puff of flame (3)]
  1134 | D:2      | 1134 ||| UPGRADING to +0 helmet.
  1137 | D:2      | Killed from afar by Sigmund

Levels and vault maps discovered:
D:1:      sevenhm_arrival_forest_fort_large_4, layout_basic, minivault_27,
          kennysheep_decorative_pillar
D:2:      layout_rooms, serial_park_tiny_pond, moated_statue, kennysheep_nub,
          grunt_decor_clamped, hangedman_decor_riveting, minmay_heptomino_h4,
          uniq_sigmund

Skill      XL: |  1  2 |
---------------+-------+-----
Ranged Weapons | 3 |  3.7
Fighting       | 2 |  2.0
Dodging        | |  1.5
Spellcasting   | |  1.0
Hexes          | |  2.6

Action                     || total
---------------------------++-------
   Fire: Sling             ||    89
    Use: Scroll            ||     2
 Armour: Robe              ||     7
         Ring mail         ||    24
  Dodge: Dodged            ||    34

Table legend:
 A = Non-vault XP
 B = Vault XP
 C = Vault XP percentage of total XP
 D = Non-vault monster count
 E = Vault monster count
 F = Vault count percentage of total count
                 A         B        C        D         E       F
            +---------+---------+-------+---------+---------+-------
      Total |      62 |      16 |  20.5 |      21 |       3 |  12.5
            +---------+---------+-------+---------+---------+-------
        D:1 |      21 |       0 |   0.0 |      11 |       0 |   0.0
        D:2 |      41 |      16 |  28.1 |      10 |       3 |  23.1
            +---------+---------+-------+---------+---------+-------
